 Dungeon Crawl Stone Soup version 0.16-a0-1167-g3157814 (webtiles) character file.

194 RobertPalmer the Cudgeler (level 5, -1/34 HPs)
             Began as an Octopode Gladiator on Oct 9, 2014.
             Slain by an orc
             ... wielding a +0 flail
              (5 damage)
             ... on level 3 of the Dungeon.
             The game lasted 00:04:57 (2099 turns).

RobertPalmer the Cudgeler (Octopode Gladiator)      Turns: 2099, Time: 00:04:57

Health: -1/34      AC:  1    Str: 15    XL:     5   Next: 73%
Magic:  5/5        EV: 12    Int: 11    God:
Gold:   136        SH:  3    Dex: 12    Spells: 0 memorised, 4 levels left

rFire  + . .     SeeInvis .     a - +0 whip
rCold  + . .     Clarity  .     i - +0 buckler
rNeg   . . .     SustAb   .     c - +0 hat
rPois  +         Gourm    .     (no amulet)
rElec  +         Spirit   .     (no ring)
rCorr  +         Warding  .     (no ring)
rMut   .         Stasis   .     (no ring)
MR     .....                    (no ring)
Stlth  ++........               (no ring)
                                (no ring)
                                (no ring)
                                (no ring)

@: resistant, invisible, not resistant to hostile enchantments, unstealthy
A: almost no armour, amphibious, 8 rings, constrict 8, camouflage 1, gelatinous
body 1
a: no special abilities


You were on level 3 of the Dungeon.
You were not hungry.

You visited 1 branch of the dungeon, and saw 4 of its levels.

You collected 136 gold pieces.


Innate Abilities, Weirdness & Mutations

You cannot wear most types of armour.
You are amphibious.
You can wear up to eight rings at the same time.
You can use your tentacles to constrict many enemies at once.
Your skin changes colour to match your surroundings (Stealth).
Your rubbery body absorbs attacks (AC +1).


   Skills:
 - Level 2.0 Fighting
 + Level 6.2 Maces & Flails
 - Level 2.0 Throwing
 - Level 3.0 Dodging


You had 4 spell levels left.
You didn't know any spells.

Inventory:

Hand weapons
 a - a +0 whip (weapon)
 l - a +1 flail
Missiles
 d - a throwing net (quivered)
 m - 18 poisoned needles
Armour
 c - a +0 hat (worn)
 i - a +0 buckler (worn)
Comestibles
 f - 2 bread rations
 o - a meat ration
 p - 2 chunks of hobgoblin flesh {@*1}
 q - 3 fruits
Scrolls
 g - 2 scrolls of noise {!r}
Jewellery
 b - an uncursed ring of protection from fire {unknown}
 j - an uncursed ring of teleport control {unknown}
Potions
 h - a potion of decay {unknown}

Dungeon Overview and Level Annotations

Branches:
Dungeon (4/15)
 Temple: D:4-7

Altars:
Ashenzari
Sif Muna

Annotations:
D:3 exclusion: door

#..###.....##
#..###......#
#.!###......#
#...........#
#.#....##.###
#.....?##.#
###....##.###
#b.........
#@o...(....
##o........
#g........
.........
......#'##
..$....#
..o.....#
.g.......#
.ro.....#


You could see an orc priest (caught), an orc, a hobgoblin and a bat.


Message History

You constrict the hobgoblin. The hobgoblin hits you with a club.
* * * LOW HITPOINT WARNING * * *
Throwing (i - inventory):
d - 3 throwing nets (quivered)
Aim: an orc priest, wielding a mace and wearing a leather armour You throw a throwing net.
The throwing net barely misses the orc priest.
You constrict the hobgoblin.
You kill the hobgoblin!
The bat hits you but does no damage.
The orc priest invokes the aid of Beogh against you.
Pain shoots through your body!
* * * LOW HITPOINT WARNING * * *
Throwing (i - inventory):
d - 2 throwing nets (quivered)
Aim: an orc priest, wielding a mace and wearing a leather armour You throw a throwing net.
The throwing net hits the orc priest.
The orc priest is caught in the net!
The bat barely misses you.
The orc priest struggles to escape the net.
You hit the orc priest but do no damage.
You grab the orc priest. The orc hits you with a flail.
* * * LOW HITPOINT WARNING * * *
You hit the orc priest.
The orc priest is lightly wounded.
You constrict the orc priest. The bat barely misses you.
The orc priest becomes somewhat translucent.
The orc priest struggles against the net.
Drink which item? (? for menu, Esc to quit)
You fade into invisibility!
It was a potion of invisibility.
You constrict the orc priest. The orc hits you with a flail.
You die...

Action                   |  1- 3 |  4- 6 || total
-------------------------+-------+-------++-------
Melee: Flail             |    26 |       ||    26
       Whip              |    34 |    67 ||   101
Throw: Throwing net      |       |     4 ||     4
  Use: Scroll            |     4 |     1 ||     5
       Potion            |       |     3 ||     3
 Stab: Sleeping          |     1 |     1 ||     2
  Eat: Chunk             |       |     2 ||     2
       Royal jelly       |       |     1 ||     1

Vault maps used:
D:1:      elethiomel_arrival_diamonds
D:2:      first_bread, uniq_iyjb, uniq_terence, uniq_jessica
D:3:      overflow_temple_1_default, lemuel_crystal_altar, led_sif_book,
          cheibrodos_ashenzari_chains, uniq_natasha
D:4:      tgw_trog, temple_green, serial_forest, infiniplex_forest_clump_double,
          infiniplex_forest_clump_cross, infiniplex_forest_lined_room_3,
          infiniplex_forest_lined_corner, infiniplex_forest_straight_3,
          infiniplex_forest_fountain, infiniplex_forest_clump_small

Notes
Turn   | Place    | Note
--------------------------------------------------------------
     0 | D:1      | RobertPalmer, the Octopode Gladiator, began the quest for the Orb.
     0 | D:1      | Reached XP level 1. HP: 14/14 MP: 1/1
   164 | D:1      | Reached XP level 2. HP: 16/19 MP: 2/2
   647 | D:2      | Noticed Jessica
   654 | D:2      | Killed Jessica
   654 | D:2      | Reached skill level 4 in Maces & Flails
   654 | D:2      | Reached XP level 3. HP: 13/24 MP: 3/3
   980 | D:2      | Noticed Ijyb
   987 | D:2      | Killed Ijyb
   987 | D:2      | Reached XP level 4. HP: 27/29 MP: 4/4
  1000 | D:2      | Noticed Terence
  1014 | D:2      | Killed Terence
  1014 | D:2      | Reached skill level 5 in Maces & Flails
  1529 | D:3      | Found a deep blue altar of Sif Muna.
  1921 | D:3      | Reached XP level 5. HP: 30/34 MP: 5/5
  1948 | D:3      | Noticed Natasha
  1952 | D:3      | Killed Natasha
  2061 | D:3      | Found a shattered altar of Ashenzari.
  2082 | D:3      | Reached skill level 6 in Maces & Flails
  2089 | D:3      | Identified a potion of resistance
  2099 | D:3      | Slain by an orc

Vanquished Creatures
  2 orc priests (D:3)
  Natasha (D:3)
  Ijyb (D:2)
  Jessica (D:2)
  Terence (D:2)
  2 adders
  An ooze (D:3)
  4 orcs (D:3)
  8 bats
  2 giant cockroaches
  3 hobgoblins
  9 kobolds
  A ball python (D:1)
  2 giant newts (D:2)
  5 goblins
  7 rats
50 creatures vanquished.
